 Dungeon Crawl Stone Soup version 0.31.0-11-ge490571c62 (webtiles) character file.

Game seed: 8477297898882941045

5130 tezkier the Thaumaturge (level 10, 0/62 HPs)
             Began as a Djinni Fire Elementalist on Feb 9, 2024.
             Was a Follower of Makhleb.
             Slain by a harpy (glowing shapeshifter) (16 damage)
             ... on level 8 of the Dungeon.
             The game lasted 00:20:40 (6294 turns).

tezkier the Thaumaturge (Djinni Fire Elementalist)  Turns: 6294, Time: 00:20:40

Health: 0/62       AC:  2    Str:  7    XL:     10   Next: 88%
Gold:   477        EV: 14    Int: 21    God:    Makhleb [*.....] SH:  0 Dex: 14

rFire   + + .        (no weapon)
rCold   x . .        (no shield)
rNeg    + . .        a - +0 robe
rPois   ∞            (no helmet)
rElec   .            (no cloak)
rCorr   .            (no gloves)
SInv    .            (boots unavailable)
Will    +....        (no amulet)
Stlth   +++          n - ring of wizardry
HPRegen 0.30/turn    q - ring of positive energy
MPRegen 0.00/turn

%: wizardry (x1), infuse magic (-1 HP)
@: flying
A: sickness immunity, fire resistance 2, cold vulnerability 1, float, innate
caster, HP casting, extra vitality 1
a: Renounce Religion


You were on level 8 of the Dungeon.
You worshipped Makhleb.
Makhleb was aware of your devotion.
You visited 2 branches of the dungeon, and saw 9 of its levels.

You collected 477 gold pieces.

Inventory:

Armour
 a - a +0 robe (worn)
 l - the +0 leather armour of Beogh's Indignation {Rampage +Inv}
   (You found it on level 3 of the Dungeon)

   +Inv:      It lets you turn invisible.
   Rampage:   It bestows one free step when moving towards enemies.
Jewellery
 n - a ring of wizardry (left hand)
 q - a ring of positive energy (right hand)
 v - a +6 ring of dexterity
Wands
 u - a wand of paralysis (6)
 w - a wand of polymorph (7)
 x - a wand of mindburst (16)
Scrolls
 b - a scroll of revelation
 c - a scroll of enchant weapon
 e - a scroll of brand weapon {unknown}
 f - a scroll of teleportation {unknown}
 g - 2 scrolls of identify
 h - 2 scrolls of blinking {unknown}
 j - 4 scrolls of enchant armour {unknown}
 m - a scroll of summoning {unknown}
 t - 2 scrolls of amnesia {unknown}
 y - a scroll of vulnerability {unknown}
 E - a scroll of torment {unknown}
Potions
 d - a potion of magic
 i - a potion of attraction
 k - a potion of haste
 o - a potion of lignification {unknown}
 p - 3 potions of brilliance {unknown}
 s - a potion of enlightenment {unknown}
 z - 2 potions of cancellation {unknown}
 A - a potion of curing {unknown}
 B - a potion of heal wounds {unknown}
 C - a potion of might {unknown}
 D - a potion of mutation {unknown}


   Skills:
 + Level 1.2 Fighting
 + Level 1.2 Throwing
 + Level 5.1 Dodging
 + Level 5.3 Stealth
 + Level 10.8 Spellcasting
 + Level 10.8 Conjurations
 + Level 10.8 Hexes
 + Level 10.8 Summonings
 + Level 10.8 Necromancy
 + Level 10.8 Translocations
 + Level 10.8 Fire Magic
 + Level 10.8 Ice Magic
 + Level 10.8 Air Magic
 + Level 10.8 Earth Magic
 + Level 10.8 Alchemy
 + Level 2.5 Evocations


You knew the following spells:

 Your Spells              Type           Power      Damage    Failure   Level
a - Foxfire               Conj/Fire      100%       2x1d9     1%          1
b - Scorch                Fire           100%       2d9       1%          2
c - Volatile Blastmotes   Fire/Tloc      100%       2d18      1%          3
d - Inner Flame           Hex/Fire       54%        N/A       1%          3
e - Flame Wave            Conj/Fire      54%        2d13      1%          4
f - Shock                 Conj/Air       100%       1d9       1%          1
g - Static Discharge      Conj/Air       100%       3-8/arc   1%          2
h - Vampiric Draining     Necr           54%        2d9       1%          3
i - Petrify               Alch/Erth      54%        N/A       1%          4
Your spell library was empty.

Dungeon Overview and Level Annotations

Branches:
Dungeon (8/15)             Temple (1/1) D:7
   Lair: D:8-11

Altars:
Ashenzari
Cheibriados
Dithmenos
Elyvilon
Fedhas
Gozag
Hepliaklqana
Makhleb
Nemelex Xobeh
Okawaru
Qazlal
Ru
Uskayaw
Wu Jian
Xom
Yredelemnul
Zin


Innate Abilities, Weirdness & Mutations

You are immune to sickness and miasma.
You are immune to poison.
Your flesh is very heat resistant. (rF++)
You are vulnerable to cold. (rC-)
You float through the air rather than walking.
You learn spells naturally, not from books.
Your magical power is your life essence.
You have superior vitality. (+4 MHP)


Message History

The foxfire hits something but does no damage.
Aiming: Polymorph
Press: ? - help, Q - select action, (/) - cycle Shift-Dir - straight line, f - cyclops
Aim: a cyclops (wisps of flame, will become a manticore, a broodmother, or a moth of wrath, chance to affect: 37%)
The cyclops changes into a glowing shapeshifter!
The glowing shapeshifter changes into a torpor snail!
You are too injured to fight recklessly!
Casting: Foxfire (safe; 1% risk of failure)
Press: ? - help, Q - select action, (/) - cycle Dir - look around, f - activate You conjure some foxfire!
Your foxfire dissipates!
Aiming: Inner Flame (safe; 1% risk of failure)
Press: ? - help, Q - select action, (/) - cycle Dir - move target, f - torpor snail
Aim: a torpor snail shaped shifter (ally target, chance to affect: 56%)
The torpor snail resists with significant effort.
The foxfire hits the torpor snail but does no damage.
The foxfire hits the torpor snail.
The torpor snail is lightly wounded.
Being near the torpor snail leaves you feeling lethargic.
Casting: Scorch (safe; 1% risk of failure)
Press: ? - help, Q - select action, (/) - cycle Dir - look around, f - activate Flames lash the torpor snail.
The torpor snail is lightly wounded.
The torpor snail's fire resistance burns away.
Unknown command.
Casting: Scorch (safe; 1% risk of failure)
Press: ? - help, Q - select action, (/) - cycle Dir - look around, f - activate Flames lash the torpor snail.
The torpor snail is burned terribly!
The torpor snail is moderately wounded.
* * * LOW HITPOINT WARNING * * *
The torpor snail changes into a harpy!
Casting: Scorch (safe; 1% risk of failure)
Press: ? - help, Q - select action, (/) - cycle Dir - look around, f - activate Flames lash the harpy.
The harpy is lightly wounded.
The harpy's fire resistance burns away.
* * * LOW HITPOINT WARNING * * *
You feel yourself speed up. The harpy claws you!
You die...

..≈.... . ..#
#.##.###.#... ≈.≈.§.. #.
#.###........##[. # #.
#......#####.##..
#.#.##.###.#.#..#.##.#
#.#.#...#..#.#....##.#
#..................#.#
#####...#####.##...#.#.#
#.......# #......#....
#.###..@# '#.###....#.#
#..H).....# ####.#.#
#.........# #...#
#)........# ##..#
)☼####.#### ##.. .). .#
#.. .#.# . #.. ..#. ##
#.. #..


You could see a harpy shaped shifter (combustible).

Vanquished Creatures
  Pikel (D:6)
  A troll (D:7)
  Sigmund (D:6)
  5 humans (D:8)
  5 yaks (D:8)
  A steam dragon (D:7)
  Edmund (D:6)
  2 water moccasins
  2 orc warriors (D:8)
  2 ice beasts
  2 ogres
  A black bear (D:5)
  A centaur (D:7)
  A lemure (D:6)
  2 phantoms (D:4)
  6 bullfrogs
  A gnoll sergeant (D:7)
  A scorpion (D:6)
  4 wights (D:7)
  A bombardier beetle (D:4)
  6 hounds
  2 jellies
  A gnoll bouda (D:6)
  A sleepcap (D:6)
  3 orc wizards
  Terence (D:2)
  3 iguanas
  12 gnolls
  9 adders
  3 white imps (D:6)
  2 ufetubi (D:7)
  A dart slug (D:1)
  20 orcs
  11 ball pythons
  4 bats
  5 endoplasms
  2 giant cockroaches
  4 goblins
  5 hobgoblins
  4 quokkas
  3 kobolds
  6 rats
149 creatures vanquished.

Vanquished Creatures (others)
  An angel (D:4)
  A gnoll (D:7)
  349 foxfires
351 creatures vanquished.

Grand Total: 500 creatures vanquished

Notes
Turn   | Place    | Note
-------+----------+-------------------------------------------
     0 | D:1      | tezkier the Djinni Fire Elementalist began the quest for
                  | the Orb.
     0 | D:1      | tezkier set off with the following spells memorised:
                  | Foxfire, Scorch, Volatile Blastmotes, Inner Flame, Flame
                  | Wave.
     0 | D:1      | Reached XP level 1. HP: 15/15 MP: 0/0
    91 | D:1      | Reached XP level 2. HP: 14/21 MP: 0/0
   870 | D:2      | Reached XP level 3. HP: 25/25 MP: 0/0
   870 | D:2      | Learned a level 1 spell: Shock
  1067 | D:2      | Reached XP level 4. HP: 26/31 MP: 0/0
  1364 | D:2      | Noticed Terence
  1375 | D:2      | Killed Terence
  1376 | D:2      | Reached XP level 5. HP: 11/35 MP: 0/0
  1376 | D:2      | Learned a level 2 spell: Static Discharge
  1725 | D:3      | Found a sparkling altar of Nemelex Xobeh.
  2046 | D:3      | Found a faded altar of an unknown god.
  2053 | D:3      | Found a hazy altar of Hepliaklqana.
  2053 | D:3      | Found a faded altar of an unknown god.
  2165 | D:3      | Identified the +0 leather armour of Beogh's Indignation
                  | {Rampage +Inv}
  2440 | D:4      | Found a broken altar of Ashenzari.
  2441 | D:4      | Found a stormy altar of Qazlal.
  2441 | D:4      | Found an opulent altar of Gozag.
  2481 | D:4      | Noticed a phantom
  2486 | D:4      | Killed a phantom
  2486 | D:4      | Noticed a phantom
  2487 | D:4      | Reached XP level 6. HP: 32/41 MP: 0/0
  2652 | D:4      | Reached XP level 7. HP: 32/46 MP: 0/0
  2652 | D:4      | Learned a level 3 spell: Vampiric Draining
  2659 | D:4      | Killed an angel
  2937 | D:4      | Found a glowing silver altar of Zin.
  2941 | D:4      | Found a shimmering altar of Xom.
  3040 | D:5      | Entered Level 5 of the Dungeon
  3051 | D:5      | Reached skill level 5 in Spellcasting
  3051 | D:5      | Reached skill level 5 in Conjurations
  3051 | D:5      | Reached skill level 5 in Hexes
  3051 | D:5      | Reached skill level 5 in Summonings
  3051 | D:5      | Reached skill level 5 in Necromancy
  3051 | D:5      | Reached skill level 5 in Translocations
  3051 | D:5      | Reached skill level 5 in Fire Magic
  3051 | D:5      | Reached skill level 5 in Ice Magic
  3051 | D:5      | Reached skill level 5 in Air Magic
  3051 | D:5      | Reached skill level 5 in Earth Magic
  3051 | D:5      | Reached skill level 5 in Alchemy
  3201 | D:5      | Reached XP level 8. HP: 44/51 MP: 0/0
  3439 | D:5      | Found a blossoming altar of Fedhas.
  4071 | D:6      | Noticed Pikel
  4078 | D:6      | Killed Pikel
  4079 | D:6      | Reached skill level 1 in Evocations
  4079 | D:6      | Reached XP level 9. HP: 44/56 MP: 0/0
  4079 | D:6      | Learned a level 4 spell: Petrify
  4226 | D:6      | Noticed Edmund
  4229 | D:6      | Noticed Sigmund
  4232 | D:6      | Killed Sigmund
  4233 | D:6      | Reached skill level 1 in Throwing
  4235 | D:6      | Killed Edmund
  5070 | D:7      | Reached skill level 1 in Fighting
  5185 | D:7      | Found a staircase to the Ecumenical Temple.
  5194 | Temple   | Entered the Ecumenical Temple
  5201 | Temple   | Became a worshipper of Makhleb the Destroyer
  5267 | D:7      | Noticed a troll
  5273 | D:7      | Killed a troll
  5274 | D:7      | Reached XP level 10. HP: 58/62 MP: 0/0
  5314 | D:7      | Reached skill level 5 in Dodging
  5538 | D:7      | Reached skill level 5 in Stealth
  5671 | D:8      | Reached skill level 10 in Spellcasting
  5671 | D:8      | Reached skill level 10 in Conjurations
  5671 | D:8      | Reached skill level 10 in Hexes
  5671 | D:8      | Reached skill level 10 in Summonings
  5671 | D:8      | Reached skill level 10 in Necromancy
  5671 | D:8      | Reached skill level 10 in Translocations
  5671 | D:8      | Reached skill level 10 in Fire Magic
  5671 | D:8      | Reached skill level 10 in Ice Magic
  5671 | D:8      | Reached skill level 10 in Air Magic
  5671 | D:8      | Reached skill level 10 in Earth Magic
  5671 | D:8      | Reached skill level 10 in Alchemy
  5671 | D:8      | Found a white marble altar of Elyvilon.
  6266 | D:8      | Reached * piety under Makhleb
  6284 | D:8      | Noticed a two-headed ogre
  6285 | D:8      | a two-headed ogre changed into a glowing shapeshifter
  6285 | D:8      | Noticed a glowing shapeshifter
  6288 | D:8      | Noticed a cyclops
  6289 | D:8      | a cyclops changed into a glowing shapeshifter
  6289 | D:8      | Noticed a glowing shapeshifter (glowing shapeshifter)
  6289 | D:8      | a glowing shapeshifter changed into a torpor snail
  6289 | D:8      | Noticed a torpor snail (glowing shapeshifter)
  6293 | D:8      | a torpor snail changed into a harpy
  6293 | D:8      | Noticed a harpy (glowing shapeshifter)
  6294 | D:8      | Slain by a harpy (glowing shapeshifter)

Illustrated notes

Levels and vault maps discovered:
D:1:      ncdulo_lavacross, layout_basic
D:2:      layout_basic, uniq_terence
D:3:      layout_basic, nicolae_hepliaklqana_ecumenical_no_more,
          nemelex_spade_bored_becter, amcnicky_altar_gilded, minivault_26
D:4:      layout_rooms, grunt_temple_overflow_order_and_chaos_1,
          chequers_temple_overflow_statue_of_worship, serial_glass,
          glass_columns_a, glass_columns_c, corexii_hall_statues_l
D:5:      layout_basic, kennysheep_mini_moat, vehumet_altar_wand_db
D:6:      layout_gridville, chequers_serial_rivers_room_b,
          sigmund_edmund_badplayer, uniq_pikel
D:7:      layout_basic, minmay_temple_entry_grid
D:8:      layout_basic, mainiacjoe_overflow_catwalk_spiral,
          minmay_misc_feat_encased, minmay_ruffians
Temple:   nicolae_temple_cloud_nine

Skill      XL: |  1  2  3  4  5  6  7  8  9 10 |
---------------+-------------------------------+-----
Dodging        | 3 4 5 |  5.1
Stealth        | 2 3 4 5 |  5.3
Spellcasting   | 4 6 7 9 10 | 10.8
Conjurations   | 4 6 7 9 10 | 10.8
Hexes          | 4 6 7 9 10 | 10.8
Summonings     | 4 6 7 9 10 | 10.8
Necromancy     | 4 6 7 9 10 | 10.8
Translocations | 4 6 7 9 10 | 10.8
Fire Magic     | 4 6 7 9 10 | 10.8
Ice Magic      | 4 6 7 9 10 | 10.8
Air Magic      | 4 6 7 9 10 | 10.8
Earth Magic    | 4 6 7 9 10 | 10.8
Alchemy        | 4 6 7 9 10 | 10.8
Evocations     | 1 2 |  2.5
Throwing       | 1 |  1.2
Fighting       | 1 |  1.2

Action                     |  1- 3 |  4- 6 |  7- 9 | 10-12 || total
---------------------------+-------+-------+-------+-------++-------
  Throw: Throwing net      |       |       |     1 |       ||     1
   Cast: Foxfire           |    43 |    53 |    79 |    30 ||   205
         Scorch            |     8 |    18 |    19 |    29 ||    74
         Shock             |     1 |       |       |       ||     1
         Inner Flame       |       |    11 |    34 |    22 ||    67
         Vampiric Draining |       |       |     7 |       ||     7
         Petrify           |       |       |     1 |       ||     1
  Evoke: Wand              |       |       |     1 |     7 ||     8
    Use: Scroll            |       |       |     5 |       ||     5
 Armour: Robe              |     3 |     3 |     9 |    10 ||    25
  Dodge: Dodged            |     6 |     3 |     9 |     5 ||    23
